 Dungeon Crawl Stone Soup version 0.27.1-4-g1640c2035a (webtiles) character file.

Game seed: 8041183515289146936

77 Turgor the Firebug (level 4, -1/27 HPs)
             Began as an Octopode Fire Elementalist on Nov 5, 2021.
             Succumbed to an adder's poison
             ... on level 2 of the Dungeon.
             The game lasted 00:19:08 (2009 turns).

Turgor the Firebug (Octopode Fire Elementalist)     Turns: 2009, Time: 00:19:09

Health: -1/27      AC:  1    Str:  7    XL:     4   Next: 34%
Magic:  8/8        EV: 13    Int: 18    God:
Gold:   18         SH:  0    Dex: 12    Spells: 1/8 levels left

rFire    . . .     SeeInvis .   e - +0 rapier
rCold    . . .     Faith    .   (no shield)
rNeg     . . .     Spirit   .   (helmet restricted)
rPois    .         Reflect  .   (no amulet)
rElec    .         Harm     .   (no ring)
rCorr    .         Rampage  .   (no ring)
Will     .....                  (no ring)
Stlth    +++.......             (no ring)
HPRegen  0.09/turn              (no ring)
MPRegen  0.11/turn              (no ring)
                                (no ring)
                                (no ring)

@: lethally poisoned (-1 -> -7), flying
A: almost no armour, amphibious, 8 rings, camouflage 1, gelatinous body 1,
(nimble swimmer 1), tentacles
a: no special abilities


You were on level 2 of the Dungeon.
You visited 1 branch of the dungeon, and saw 2 of its levels.

You collected 46 gold pieces.
You spent 28 gold pieces at shops.

Inventory:

Hand Weapons
 e - a +0 rapier (weapon)
Missiles
 b - 97 stones
 g - 21 sling bullets
Scrolls
 a - a scroll of fog
 c - a scroll of fear {unknown}


   Skills:
 - Level 2.0 Dodging
 - Level 2.6 Stealth
 + Level 2.8 Spellcasting
 + Level 2.3 Conjurations
 + Level 3.7 Fire Magic
 + Level 0.5 Earth Magic


You had one spell level left.
You knew the following spells:

 Your Spells              Type           Power      Damage    Failure   Level
a - Foxfire               Conj/Fire      52%        2x1d6     4%          1
b - Conjure Flame         Conj/Fire      13%        6-21      14%         3
c - Stone Arrow           Conj/Erth      14%        3d7       28%         3

Your spell library contained the following spells:

 Spells                   Type           Power      Damage    Failure   Level
 Magic Dart               Conj           40%        1d5       6%          1
 Inner Flame              Hex/Fire       9%         N/A       22%         3
 Call Imp                 Summ           2%         N/A       26%         2
 Mephitic Cloud           Conj/Pois/Air  5%         N/A       36%         3
 Sticky Flame             Conj/Fire      13%        2d4       43%         4
 Fireball                 Conj/Fire      6%         3d5       80%         5
 Lehudib's Crystal Spear  Conj/Erth      3%         10d3      100%        8
 Animate Armour           Summ/Erth      Unusable   N/A       N/A         4

Dungeon Overview and Level Annotations

Branches:
Dungeon (2/15)

Altars:

Shops:
D:1 [(?=

Annotations:
D:2 Terence


Innate Abilities, Weirdness & Mutations

You cannot wear most types of armour.
You are amphibious.
You can wear up to eight rings at the same time.
Your skin changes colour to match your surroundings (Stealth+).
Your rubbery body absorbs attacks. (AC +1, EV +1)
((You are camouflaged near water. (Stealth+)))
You have tentacles for arms and can constrict up to eight enemies at once.


Message History

Casting: Foxfire (safe; 4% risk of failure)
Confirm with . or Enter, or press ? or * to list all spells.
You conjure some foxfire!
The adder bites you.
The foxfire hits the adder but does no damage.
The adder is moderately wounded.
The foxfire hits the adder.
The adder is severely wounded.
The adder bites you. x2
Unknown command.
The adder bites you.
Casting: Foxfire (safe; 4% risk of failure)
Confirm with . or Enter, or press ? or * to list all spells.
You conjure some foxfire!
The adder bites you. x2
You are poisoned.
The adder poisons you!
You barely miss the adder. You grab the adder.
The adder is severely wounded.
You constrict the adder.
You feel sick.
The foxfire hits the adder.
You kill the adder!
The foxfire hits the adder but does no damage.
The adder bites you.
* * * LOW HITPOINT WARNING * * *
Casting: Foxfire (safe; 4% risk of failure)
Confirm with . or Enter, or press ? or * to list all spells.
You conjure some foxfire!
You feel sick. The adder bites you.
* * * LOW HITPOINT WARNING * * *
You are more poisoned.
The adder poisons you!
Unknown command.
It was a potion of flight.
You feel very buoyant.
You fly up into the air.
* * * LOW HITPOINT WARNING * * *
You feel sick.
The foxfire hits the adder.
The adder is lightly wounded.
The foxfire hits the adder.
The adder is lightly wounded.
The adder barely misses you.
It was a potion of magic.
Magic courses through your body.
You die...

# # ♣#### †...## .....# .....#
≈P♣..# ##.#. ♣≈≈#.#
########....... ≈###.#
#<.§@S....>##.# #
#.########..§.#.######.# ##
#....[..........# #.# .#
#........†.....## #.#
.###.............## #.#
..##.............# #.#
#..#.............########.###
.#.<......<....###..........#
...............###..........#.#


You could see an adder.

Vanquished Creatures
  2 adders (D:2)
  3 worms (D:2)
  2 dart slugs
  7 ball pythons
  7 endoplasms
  A giant cockroach (D:1)
  4 goblins
  3 hobgoblins (D:1)
  2 jackals (D:2)
  2 quokkas
  4 bats
  3 frilled lizards
  3 kobolds
  2 rats (D:1)
45 creatures vanquished.

Vanquished Creatures (collateral kills)
  A foxfire (D:2)
1 creature vanquished.

Vanquished Creatures (others)
  132 foxfires
  3 plants (D:2)
135 creatures vanquished.

Grand Total: 181 creatures vanquished

Notes
Turn   | Place    | Note
-------+----------+-------------------------------------------
     0 | D:1      | Turgor the Octopode Fire Elementalist began the quest for
                  | the Orb.
     0 | D:1      | Reached XP level 1. HP: 11/11 MP: 3/3
    63 | D:1      | Found a faded altar of an unknown god.
   188 | D:1      | Reached XP level 2. HP: 17/17 MP: 5/5
   684 | D:1      | Found Yzxoqo's Antique Weapon Boutique.
   723 | D:1      | Found Quciv's Armour Boutique.
   769 | D:1      | Found Vamyfis's Magic Scroll Emporium.
   846 | D:1      | Found Duwnia's Jewellery Shop.
  1142 | D:1      | Reached XP level 3. HP: 21/21 MP: 3/6
  1146 | D:1      | Learned a level 3 spell: Conjure Flame
  1373 | D:1      | Bought a scroll of identify for 28 gold pieces
  1623 | D:2      | Learned a level 3 spell: Stone Arrow
  1726 | D:2      | Reached XP level 4. HP: 27/27 MP: 5/8
  1916 | D:2      | Noticed Terence
  2008 | D:2      | HP: 1/27 [poisoned by an adder]
  2009 | D:2      | Succumbed to an adder's poison

Illustrated notes

Levels and vault maps discovered:
D:1:      minmay_arrival_three_doors, layout_basic,
          hellmonk_ecumenical_altar_zigzags, serial_shops, shop, shop,
          nicolae_shop_statue_plus, shop_fountains
D:2:      layout_rooms, serial_bayou_ford_a, kennysheep_generic_room_4,
          uniq_terence

Skill      XL: |  1  2  3 |
---------------+----------+-----
Conjurations   | 2 |  2.3
Dodging        | |  2.0
Stealth        | |  2.6
Spellcasting   | |  2.8
Fire Magic     | |  3.7
Earth Magic    | |  0.5

Action                   |  1- 3 |  4- 6 || total
-------------------------+-------+-------++-------
Melee: Unarmed           |    15 |       ||    15
       Constrict         |     3 |     1 ||     4
       Tentacles         |     2 |       ||     2
       Rapier            |       |     1 ||     1
 Cast: Foxfire           |    56 |    21 ||    77
  Use: Scroll            |     1 |       ||     1
       Potion            |       |     2 ||     2
 Stab: Sleeping          |     1 |       ||     1
Armor: Skin              |     3 |       ||     3
Dodge: Dodged            |    10 |     2 ||    12
